 Dungeon Crawl Stone Soup version 0.28-a0-751-gef3a642a4e (webtiles) character file.

Game seed: 14033785038671612469

51 Gargoyl the Skirmisher (level 3, 0/35 HPs)
             Began as a Gnoll Abyssal Knight on Oct 30, 2021.
             Was a Follower of Lugonu.
             Slain by Crazy Yiuf (10 damage)
             ... on level 2 of the Dungeon.
             The game lasted 00:02:55 (1917 turns).

Gargoyl the Skirmisher (Gnoll Abyssal Knight)       Turns: 1917, Time: 00:02:55

Health: 0/35       AC: 10    Str: 13    XL:     3   Next: 83%
Magic:  6/6        EV: 11    Int:  9    God:    Lugonu [*.....]
Gold:   78         SH:  0    Dex: 12    Spells: 4/4 levels left

rFire   + + .      SeeInvis .   b - +7 war axe of Gitogu {flame, rPois rF++}
rCold   . . .      Faith    .   (no shield)
rNeg    + . .      Spirit   .   e - +0 chain mail
rPois   +          Reflect  .   (no helmet)
rElec   .          Harm     .   (no cloak)
rCorr   .          Rampage  .   l - +0 pair of gloves
Will    .....                   (no boots)
Stlth   ..........              (no amulet)
HPRegen 0.11/turn               d - ring of positive energy
MPRegen 0.10/turn               (no ring)

@: brilliant, agile, hasted, very quick
A: fangs 1, strong nose, distributed training
a: Renounce Religion, Depart the Abyss


You were on level 2 of the Dungeon.
You worshipped Lugonu.
Lugonu was aware of your devotion.
You visited 1 branch of the dungeon, and saw 2 of its levels.
You visited the Abyss 1 time.

You collected 78 gold pieces.

Inventory:

Hand Weapons
 a - a +2 hand axe
 b - the +7 war axe of Gitogu (weapon) {flame, rPois rF++}
   (You found it on level 2 of the Abyss)

   It burns those it strikes, dealing additional fire damage.
   Big, fiery blades are also staple armaments of hydra-hunters.
   rF:        It greatly protects you from fire.
   rPois:     It protects you from poison.
Armour
 e - a +0 chain mail (worn)
 l - a +0 pair of gloves (worn)
Jewellery
 d - a ring of positive energy (left hand)
Scrolls
 h - 2 scrolls of identify {unknown}
 j - a scroll of fear {unknown}
Potions
 g - a potion of flight {unknown}
 i - a potion of cancellation {unknown}
 k - a potion of heal wounds {unknown}


   Skills:
 + Level 6.5 Fighting
 + Level 1.0 Short Blades
 + Level 1.0 Long Blades
 + Level 4.6 Axes
 + Level 1.0 Maces & Flails
 + Level 1.0 Polearms
 + Level 1.0 Staves
 + Level 1.0 Slings
 + Level 1.0 Bows
 + Level 1.0 Crossbows
 + Level 1.0 Throwing
 + Level 4.6 Armour
 + Level 2.6 Dodging
 + Level 1.0 Stealth
 + Level 1.0 Shields
 + Level 1.0 Unarmed Combat
 + Level 1.0 Spellcasting
 + Level 0.7 Conjurations
 + Level 0.7 Hexes
 + Level 0.7 Summonings
 + Level 0.7 Necromancy
 + Level 0.7 Translocations
 + Level 0.7 Transmutations
 + Level 0.7 Fire Magic
 + Level 0.7 Ice Magic
 + Level 0.7 Air Magic
 + Level 0.7 Earth Magic
 + Level 0.7 Poison Magic
 + Level 4.6 Invocations
 + Level 1.0 Evocations


You had 4 spell levels left.
You didn't know any spells.
Your spell library contained the following spells:

 Spells                   Type           Power      Damage    Failure   Level
 Ignite Poison            Fire/Tmut/Pois 2%         N/A       100%        3
 Mephitic Cloud           Conj/Pois/Air  2%         N/A       100%        3
 Freezing Cloud           Conj/Ice/Air   1%         6-21      100%        5


Dungeon Overview and Level Annotations

Branches:
Dungeon (2/15)

Altars:
Makhleb

Annotations:
D:2 Crazy Yiuf


Innate Abilities, Weirdness & Mutations

You have very sharp teeth.
Your uncanny sense of smell can sniff out nearby items.
Your experience applies equally to all skills.


Message History

The kobold throws a stone.
The stone hits you but does no damage.
There is an open door here.
The kobold hits you but does no damage.
You slash the kobold! You burn the kobold.
You kill the kobold!
Lugonu accepts your kill.
Things that are here:
a +0 dagger; 20 stones; a kobold corpse
Found a potion of attraction and 22 arrows.
There is an open door here.
Things that are here:
a +0 whip; 3 stones; a kobold skeleton
Found a mace.
Found a runed translucent door.
Crazy Yiuf shouts!
Crazy Yiuf says, "Tonal sanguine shoe!"
You open the door.
Unknown command.
Your chain mail prevents you from hitting Crazy Yiuf.
Crazy Yiuf hits you with a +2 quarterstaff of chaos!
You feel agile all of a sudden.
You hit Crazy Yiuf but do no damage. Your bite misses Crazy Yiuf.
Crazy Yiuf misses you.
Unknown command.
You barely miss Crazy Yiuf.
Crazy Yiuf hits you with a +2 quarterstaff of chaos!
Crazy Yiuf completely misses you.
Unknown command.
You completely miss Crazy Yiuf.
Crazy Yiuf hits you with a +2 quarterstaff of chaos.
Unknown command.
It was a potion of brilliance.
You feel clever all of a sudden.
Crazy Yiuf hits you with a +2 quarterstaff of chaos.
Crazy Yiuf freezes you.
* * * LOW HITPOINT WARNING * * *
Okay, then.
Okay, then.
It was a potion of haste.
You feel yourself speed up.
Crazy Yiuf hits you with a +2 quarterstaff of chaos!
You die...

####♣♣ ### ##..#.♣♣
♣♣#..)#
#......♣♣♣♣@g...#
######.......♣..♣#...#
.........#..♣.♣♣♣ ###
#####...##♣♣♣♣♣
####### ######..#
#.....# ....##..#
#.###.# ....###)#####
#.# #.# ............#
#.# #.. ._..###..##.#
######.#####


You could see Crazy Yiuf.

Vanquished Creatures
  An adder (D:2)
  2 worms (D:2)
  An endoplasm (D:1)
  A giant cockroach (D:2)
  5 goblins
  4 hobgoblins (D:1)
  7 kobolds
  A quokka (D:1)
  6 bats
  5 frilled lizards
  2 rats (D:2)
  A lurking horror (Abyss:2)
36 creatures vanquished.

Notes
Turn   | Place    | Note
-------+----------+-------------------------------------------
     0 | Abyss:1  | Gargoyl the Gnoll Abyssal Knight began the quest for the
                  | Orb.
     0 | Abyss:1  | Reached XP level 1. HP: 23/23 MP: 3/3
   249 | Abyss:2  | Identified the +7 war axe of Gitogu {flame, rPois rF++}
   285 | Abyss:2  | Noticed a shadow dragon
   286 | D:1      | Escaped the Abyss
   664 | D:1      | Reached XP level 2. HP: 22/29 MP: 5/5
   862 | D:1      | Reached * piety under Lugonu
  1309 | D:2      | Found a burning altar of Makhleb.
  1315 | D:2      | Reached XP level 3. HP: 35/35 MP: 6/6
  1665 | D:2      | Found a faded altar of an unknown god.
  1828 | D:2      | Reached skill level 1 in Short Blades
  1828 | D:2      | Reached skill level 1 in Long Blades
  1828 | D:2      | Reached skill level 1 in Maces & Flails
  1828 | D:2      | Reached skill level 1 in Polearms
  1828 | D:2      | Reached skill level 1 in Staves
  1828 | D:2      | Reached skill level 1 in Slings
  1828 | D:2      | Reached skill level 1 in Bows
  1828 | D:2      | Reached skill level 1 in Crossbows
  1828 | D:2      | Reached skill level 1 in Throwing
  1828 | D:2      | Reached skill level 1 in Stealth
  1828 | D:2      | Reached skill level 1 in Shields
  1828 | D:2      | Reached skill level 1 in Unarmed Combat
  1828 | D:2      | Reached skill level 1 in Spellcasting
  1828 | D:2      | Reached skill level 1 in Evocations
  1907 | D:2      | Found a runed translucent door.
  1908 | D:2      | Noticed Crazy Yiuf
  1917 | D:2      | Slain by Crazy Yiuf

Illustrated notes

Levels and vault maps discovered:
D:1:      minmay_arrival_four_houses, layout_basic, hangedman_decor_opposing
D:2:      layout_basic, basic_ecumenical_altar, basic_altar,
          uniq_crazy_yiuf_cottage

Skill      XL: |  1  2  3 |
---------------+----------+-----
Short Blades   | 1 |  1.0
Long Blades    | 1 |  1.0
Maces & Flails | 1 |  1.0
Polearms       | 1 |  1.0
Staves         | 1 |  1.0
Slings         | 1 |  1.0
Bows           | 1 |  1.0
Crossbows      | 1 |  1.0
Throwing       | 1 |  1.0
Stealth        | 1 |  1.0
Shields        | 1 |  1.0
Unarmed Combat | 1 |  1.0
Spellcasting   | 1 |  1.0
Evocations     | 1 |  1.0
Fighting       | |  6.5
Axes           | |  4.6
Armour         | |  4.6
Dodging        | |  2.6
Conjurations   | |  0.7
Hexes          | |  0.7
Summonings     | |  0.7
Necromancy     | |  0.7
Translocations | |  0.7
Transmutations | |  0.7
Fire Magic     | |  0.7
Ice Magic      | |  0.7
Air Magic      | |  0.7
Earth Magic    | |  0.7
Poison Magic   | |  0.7
Invocations    | |  4.6

Action                   || total
-------------------------++-------
Melee: War axe           ||    72
       Bite              ||     2
       Hand axe          ||     1
Invok: Depart the Abyss  ||     1
  Use: Scroll            ||     3
       Potion            ||     3
Armor: Chain mail        ||    55
Dodge: Dodged            ||    32

Table legend: (Time is in decaauts)
 A = Elapsed time spent in this place.
 B = Non-inter-level travel time spent in this place.
 C = Inter-level travel time spent in this place.
 D = Time resting spent in this place.
 E = Time spent auto-exploring this place.
 F = Levels seen in this place.
 G = Mean time per level.
                   A        B        C        D        E       F      G
               +--------+--------+--------+--------+--------+-----+--------+
         Total |   1935 |   1920 |     15 |      0 |   1540 |   4 |  483.8 |
       Dungeon |   1650 |   1635 |     15 |      0 |   1325 |   2 |  825.0 |
         Abyss |    285 |    285 |      0 |      0 |    215 |   2 |  142.5 |
               +--------+--------+--------+--------+--------+-----+--------+

Top non-repeatable levels by time:
     D:1: 1022 daAuts
     D:2: 627 daAuts
 Abyss:1: 234 daAuts
 Abyss:2: 51 daAuts
